 Dungeon Crawl Stone Soup version 0.16.2-12-gd0ad4c3 (webtiles) character file.

242 faibistes the Magician (level 5, -3/28 HPs)
             Began as a Deep Elf Wizard on Apr 1, 2018.
             Slain by Grinder (5 damage)
             ... on level 3 of the Dungeon on Apr 2, 2018.
             The game lasted 00:08:56 (3558 turns).

faibistes the Magician (Deep Elf Wizard)            Turns: 3558, Time: 00:08:56

Health: -3/28      AC:  2    Str:  4    XL:     5   Next: 82%
Magic:  12/21      EV: 13    Int: 24    God:
Gold:   100        SH:  0    Dex: 13    Spells: 6 memorised, 4 levels left

rFire  . . .     SeeInvis .     i - +0 dagger
rCold  . . .     Clarity  .     a - +0 robe
rNeg   . . .     SustAb   .     (no shield)
rPois  .         Gourm    .     b - +0 hat
rElec  .         Spirit   .     (no cloak)
rCorr  .         Warding  .     (no gloves)
rMut   .         Stasis   .     (no boots)
MR     .....                    (no amulet)
Stlth  ++........               (no ring)
                                (no ring)

@: repel missiles, not resistant to hostile enchantments, unstealthy
A: no striking features
a: no special abilities


You were on level 3 of the Dungeon.
You were not hungry.

You visited 1 branch of the dungeon, and saw 4 of its levels.

You collected 100 gold pieces.

Inventory:

Hand weapons
 i - a +0 dagger (weapon)
Armour
 a - a +0 robe (worn)
 b - a +0 hat (worn)
Scrolls
 e - a scroll of noise {unknown}
 j - 3 scrolls of magic mapping {unknown}
 k - 2 scrolls of remove curse {unknown}
 o - a scroll of random uselessness {unknown}
 q - a scroll of enchant armour {unknown}
 r - a scroll of identify
 u - a scroll of immolation {unknown}
 v - a scroll of enchant weapon {unknown}
Potions
 h - a potion of heal wounds
 m - 2 potions of brilliance
 n - a potion of magic
 p - 2 potions of haste
 s - a potion of might
Books
 c - a book of Minor Magic

   Spells                             Type                      Level
   a - Magic Dart                     Conjuration                  1
   b - Blink                          Translocation                2
   c - Call Imp                       Summoning                    2
   d - Repel Missiles                 Charms/Air                   2
   e - Slow                           Hexes                        2
   f - Conjure Flame                  Conjuration/Fire             3
   g - Mephitic Cloud                 Conjuration/Poison/Air       3
Comestibles
 d - 3 bread rations
 f - 3 meat rations
 g - a beef jerky
 t - a royal jelly


   Skills:
 + Level 4.0 Dodging
 - Level 2.4 Stealth
 * Level 6.6 Spellcasting
 - Level 3.7 Conjurations
 - Level 1.1 Summonings
 * Level 1.4 Translocations


You had 4 spell levels left.
You knew the following spells:

 Your Spells              Type           Power        Failure   Level  Hunger
a - Magic Dart            Conj           ####         1%          1    None
b - Conjure Flame         Conj/Fire      ###.....     12%         3    None
c - Call Imp              Summ           ##......     10%         2    None
d - Blink                 Tloc           N/A          8%          2    None
e - Mephitic Cloud        Conj/Pois/Air  ##......     17%         3    None
f - Repel Missiles        Chrm/Air       #.....       12%         2    None


Dungeon Overview and Level Annotations

Branches:
Dungeon (4/15)
 Temple: D:4-7

Altars:
Ashenzari
Makhleb

Annotations:
D:3 Grinder


Message History

Okay, then.
Drink which item? (? for menu, Esc to quit)
Okay, then.
Casting: Magic Dart
Confirm with . or Enter, or press ? or * to list all spells.
Aiming: Conjure Flame
Press: ? - help, Dir - move target cursor The fire roars!
Pain shoots through your body!
Ouch! That really hurt!
* * * LOW HITPOINT WARNING * * *
Grinder appears from thin air!
Reactivating autopickup.
Grinder is engulfed in roaring flames.
Grinder closely misses you.
You barely miss Grinder.
Grinder is lightly wounded.
Grinder is engulfed in roaring flames.
Grinder hits you.
* * * LOW HITPOINT WARNING * * *
You writhe in agony.
You die...

. ##### ##.#
....############..
..................
..................
.
....####.#######.#
....# #.# #.#
....####.#### #.#
............# #@#
............# #5#
............####.#
.........%.......#
.........!..######
............#
............#
........).#
.......#


You could see Grinder.

Vanquished Creatures
  A hound (D:4)
  An iron imp (D:2)
  Terence (D:3)
  2 gnolls (D:3)
  8 adders
  2 giant geckos (D:1)
  3 orcs
  3 giant cockroaches
  8 goblins
  9 hobgoblins
  3 jackals (D:4)
  9 kobolds
  3 ball pythons
  7 bats
  2 giant newts
  10 rats
72 creatures vanquished.

Vanquished Creatures (collateral kills)
  A gnoll (D:3)
  A kobold (D:1)
  A goblin (D:3)
3 creatures vanquished.

Vanquished Creatures (others)
  2 plants (D:1)
2 creatures vanquished.

Grand Total: 77 creatures vanquished

Notes
Turn   | Place    | Note
--------------------------------------------------------------
     0 | D:1      | faibistes, the Deep Elf Wizard, began the quest for the Orb.
     0 | D:1      | Reached XP level 1. HP: 10/10 MP: 6/6
   394 | D:1      | Reached XP level 2. HP: 15/15 MP: 5/10
   398 | D:1      | Learned a level 2 spell: Blink
   401 | D:1      | Learned a level 2 spell: Call Imp
   933 | D:1      | Reached skill level 5 in Spellcasting
  1145 | D:1      | Reached XP level 3. HP: 19/19 MP: 14/14
  1150 | D:1      | Learned a level 3 spell: Conjure Flame
  1154 | D:1      | Learned a level 3 spell: Mephitic Cloud
  1769 | D:2      | Found a shattered altar of Ashenzari.
  1826 | D:2      | Learned a level 2 spell: Repel Missiles
  1841 | D:2      | Reached XP level 4. HP: 24/24 MP: 15/17
  2619 | D:2      | Found a burning altar of Makhleb.
  2619 | D:2      | Noticed an iron imp
  2630 | D:2      | Killed an iron imp
  2630 | D:2      | Reached skill level 6 in Spellcasting
  2630 | D:2      | Reached XP level 5. HP: 21/28 MP: 6/20
  3024 | D:3      | Noticed Terence
  3046 | D:3      | Killed Terence
  3524 | D:3      | Noticed Grinder
  3558 | D:3      | Slain by Grinder

Action                   |  1- 3 |  4- 6 || total
-------------------------+-------+-------++-------
Melee: Unarmed           |    49 |       ||    49
       Dagger            |    21 |     8 ||    29
 Cast: Magic Dart        |    69 |   102 ||   171
       Call Imp          |     2 |     2 ||     4
       Repel Missiles    |     1 |       ||     1
       Mephitic Cloud    |       |     8 ||     8
       Conjure Flame     |       |     5 ||     5
       Blink             |       |     4 ||     4
  Use: Scroll            |       |     5 ||     5
 Stab: Sleeping          |     1 |       ||     1
  Eat: Chunk             |     3 |     5 ||     8
